[ PARTIDA AOE2 · #490629734 ]
UnrankedEtíopes vs Ethiopians
Equipo del jugador · DERR
[ ANÁLISIS DE REPETICIÓN · EXTRAÍDO DE LA PARTIDA GRABADA ]
Feudal
12:28
Castillos
16:24
Imperial
—
| APM promedio | 10.7 |
| APM pico | 43 |
| eAPM promedio | 6.5 |
| Aldeanos / militares | 29 / 8 |
Foco
⚔️ 11.4% · 🌾 88.6%
Knight ×6 · Militia ×2
Feudal
11:43
Castillos
—
Imperial
—
| APM promedio | 17.5 |
| APM pico | 51 |
| eAPM promedio | 10.7 |
| Aldeanos / militares | 30 / 16 |
Foco
⚔️ 14.1% · 🌾 85.9%
Militia ×10 · Scout Cavalry ×5 · Spearman ×1
Feudal
11:38
Castillos
—
Imperial
—
| APM promedio | 31.5 |
| APM pico | 67 |
| eAPM promedio | 16.1 |
| Aldeanos / militares | 30 / 19 |
Foco
⚔️ 25.9% · 🌾 74.1%
Archer ×14 · Spearman ×5
Feudal
10:22
Castillos
—
Imperial
—
| APM promedio | 14.5 |
| APM pico | 43 |
| eAPM promedio | 7.2 |
| Aldeanos / militares | 26 / 0 |
Foco
⚔️ 22.1% · 🌾 77.9%
Unknown (2550) ×29
Feudal
11:45
Castillos
—
Imperial
—
| APM promedio | 13.3 |
| APM pico | 34 |
| eAPM promedio | 10.0 |
| Aldeanos / militares | 41 / 7 |
Foco
⚔️ 13.0% · 🌾 87.0%
Spearman ×7 · Trade Cart ×1
Feudal
12:33
Castillos
18:01
Imperial
—
| APM promedio | 23.0 |
| APM pico | 58 |
| eAPM promedio | 11.7 |
| Aldeanos / militares | 52 / 0 |
Foco
⚔️ 8.5% · 🌾 91.5%
Feudal
—
Castillos
—
Imperial
—
| APM promedio | 11.2 |
| APM pico | 47 |
| eAPM promedio | 5.0 |
| Aldeanos / militares | 19 / 0 |
Foco
⚔️ 3.8% · 🌾 96.2%
Feudal
10:12
Castillos
—
Imperial
—
| APM promedio | 28.1 |
| APM pico | 54 |
| eAPM promedio | 13.0 |
| Aldeanos / militares | 32 / 4 |
Foco
⚔️ 19.7% · 🌾 80.3%
Scout Cavalry ×3 · Spearman ×1
Mapa de la partida
Recursos iniciales + cada clic de construcción. Líneas = muros · curvas = relieve. ◆ oro · ⬟ piedra · ● bayas · ✦ reliquia · ◌ hueco del cierre
Tu base· Abierta — flanco sin cerrar
Base de felipegarcia92· Abierta — flanco sin cerrar
Base de Pantufla18· Abierta — flanco sin cerrar
Base de GuilleLeopold17· Abierta — flanco sin cerrar
Base de DarthVader· Abierta — flanco sin cerrar
Base de Javier2191· Abierta — hueco de 5t
Base de vitavidal91· Abierta — flanco sin cerrar
Base de Benjamminnemmann· ✓ Cerrada en 12:00 · 32t muro · 1 puerta(s)
Terreno inicial suavizado · ◌ = hueco del cierre detectado · pasá el cursor para detalles
Inputs por minuto
— tatomagallanes - - felipegarcia92
Build order — tatomagallanes
65 acciones detectadas en el replay
| 0:01 | Encolar | Villager (Male) |
| 0:01 | Encolar | Villager (Male) |
| 0:02 | Encolar | Villager (Male) |
| 0:02 | Encolar | Villager (Male) |
| 0:06 | Construir | House |
| 0:13 | Construir | House |
| 1:51 | Encolar | Villager (Male) |
| 2:21 | Encolar | Villager (Male) |
| 2:33 | Investigar | Loom |
| 2:35 | Encolar | Villager (Male) |
| 3:33 | Encolar | Villager (Male) |
| 3:34 | Encolar | Villager (Male) |
| 4:14 | Encolar | Villager (Male) |
| 4:20 | Construir | Mill |
| 4:30 | Construir | House |
| 4:40 | Construir | Lumber Camp |
| 4:49 | Encolar | Villager (Male) |
| 5:07 | Encolar | Villager (Male) |
| 5:08 | Encolar | Villager (Male) |
| 5:32 | Encolar | Villager (Male) |
| 6:44 | Construir | House |
| 6:49 | Construir | House |
| 6:58 | Encolar | Villager (Male) |
| 6:59 | Encolar | Villager (Male) |
| 6:59 | Encolar | Villager (Male) |
| 7:50 | Encolar | Villager (Male) |
| 7:50 | Encolar | Villager (Male) |
| 8:08 | Encolar | Villager (Male) |
| 8:20 | Construir | Farm |
| 8:21 | Construir | Farm |
| 8:30 | Construir | Farm |
| 8:49 | Construir | Mill |
| 8:53 | Encolar | Villager (Male) |
| 9:00 | Construir | Farm |
| 9:12 | Encolar | Villager (Male) |
| 10:00 | Construir | Mining Camp |
| 10:11 | Investigar | Feudal Age |
| 10:49 | Encolar | Villager (Male) |
| 10:49 | Encolar | Villager (Male) |
| 10:50 | Encolar | Villager (Male) |
| 12:28 | Edad | Edad Feudal |
| 12:39 | Construir | Barracks |
| 12:49 | Construir | Blacksmith |
| 13:12 | Construir | Stable |
| 13:44 | Investigar | Castle Age |
| 14:42 | Investigar | Man-at-Arms (upgrade) |
| 14:45 | Encolar | Militia |
| 14:45 | Encolar | Militia |
| 14:58 | Construir | House |
| 14:59 | Construir | House |
| 15:36 | Construir | Mining Camp |
| 16:02 | Construir | Stable |
| 16:13 | Encolar | Villager (Male) |
| 16:24 | Edad | Edad de los Castillos |
| 16:31 | Construir | Town Center |
| 16:36 | Encolar | Knight |
| 16:37 | Encolar | Knight |
| 17:30 | Encolar | Villager (Male) |
| 17:30 | Encolar | Villager (Male) |
| 17:37 | Encolar | Villager (Male) |
| 17:52 | Investigar | Double-Bit Axe |
| 18:05 | Encolar | Knight |
| 18:05 | Encolar | Knight |
| 18:06 | Encolar | Knight |
| 18:07 | Encolar | Knight |
Build order — felipegarcia92
89 acciones detectadas en el replay
| 0:01 | Encolar | Villager (Male) |
| 0:01 | Encolar | Villager (Male) |
| 0:02 | Encolar | Villager (Male) |
| 0:02 | Encolar | Villager (Male) |
| 0:04 | Construir | House |
| 0:05 | Construir | House |
| 1:26 | Encolar | Villager (Male) |
| 2:00 | Encolar | Villager (Male) |
| 2:16 | Encolar | Villager (Male) |
| 2:42 | Investigar | Loom |
| 3:01 | Encolar | Villager (Male) |
| 3:02 | Encolar | Villager (Male) |
| 3:39 | Construir | Lumber Camp |
| 4:16 | Encolar | Villager (Male) |
| 4:17 | Encolar | Villager (Male) |
| 4:48 | Construir | House |
| 4:51 | Construir | Mill |
| 4:59 | Encolar | Villager (Male) |
| 5:31 | Encolar | Villager (Male) |
| 5:32 | Encolar | Villager (Male) |
| 5:51 | Encolar | Villager (Male) |
| 6:49 | Encolar | Villager (Male) |
| 6:50 | Encolar | Villager (Male) |
| 6:52 | Construir | House |
| 7:17 | Encolar | Villager (Male) |
| 7:18 | Encolar | Villager (Male) |
| 7:26 | Encolar | Villager (Male) |
| 8:08 | Construir | Mining Camp |
| 8:28 | Encolar | Villager (Male) |
| 8:37 | Construir | Mining Camp |
| 9:21 | Construir | Mill |
| 9:33 | Investigar | Feudal Age |
| 10:05 | Construir | Barracks |
| 10:20 | Construir | House |
| 11:07 | Encolar | Militia |
| 11:08 | Encolar | Militia |
| 11:29 | Encolar | Villager (Male) |
| 11:29 | Encolar | Villager (Male) |
| 11:29 | Encolar | Villager (Male) |
| 11:43 | Edad | Edad Feudal |
| 11:48 | Construir | Blacksmith |
| 11:59 | Construir | Stable |
| 12:06 | Construir | House |
| 12:23 | Encolar | Militia |
| 12:23 | Encolar | Militia |
| 12:47 | Encolar | Militia |
| 12:51 | Investigar | Man-at-Arms (upgrade) |
| 13:14 | Encolar | Villager (Male) |
| 13:14 | Encolar | Villager (Male) |
| 13:21 | Construir | Farm |
| 13:21 | Construir | Farm |
| 13:22 | Construir | Farm |
| 13:22 | Construir | Farm |
| 13:28 | Construir | Farm |
| 13:29 | Construir | Farm |
| 13:33 | Construir | Farm |
| 13:55 | Encolar | Militia |
| 14:10 | Encolar | Scout Cavalry |
| 14:11 | Encolar | Militia |
| 14:21 | Construir | House |
| 14:39 | Construir | House |
| 14:47 | Investigar | Forging |
| 14:49 | Encolar | Scout Cavalry |
| 14:56 | Construir | House |
| 14:56 | Construir | House |
| 14:57 | Construir | House |
| 14:57 | Construir | House |
| 15:13 | Encolar | Militia |
| 15:43 | Encolar | Militia |
| 15:45 | Encolar | Villager (Male) |
| 16:09 | Encolar | Villager (Male) |
| 16:40 | Encolar | Villager (Male) |
| 16:42 | Construir | Farm |
| 16:44 | Encolar | Villager (Male) |
| 17:12 | Encolar | Militia |
| 17:14 | Encolar | Scout Cavalry |
| 17:14 | Encolar | Scout Cavalry |
| 17:15 | Encolar | Scout Cavalry |
| 17:21 | Construir | Farm |
| 17:28 | Construir | Farm |
| 17:32 | Construir | Farm |
| 17:33 | Construir | Farm |
| 17:34 | Construir | Farm |
| 17:51 | Construir | Farm |
| 17:51 | Construir | Farm |
| 17:52 | Construir | Farm |
| 17:52 | Construir | Farm |
| 17:52 | Construir | Farm |
| 18:11 | Encolar | Spearman |
Build order — Pantufla18
83 acciones detectadas en el replay
| 0:03 | Construir | House |
| 0:04 | Construir | House |
| 0:24 | Encolar | Villager (Male) |
| 0:24 | Encolar | Villager (Male) |
| 0:24 | Encolar | Villager (Male) |
| 0:24 | Encolar | Villager (Male) |
| 1:46 | Encolar | Villager (Male) |
| 2:19 | Encolar | Villager (Male) |
| 2:35 | Encolar | Villager (Male) |
| 3:05 | Encolar | Villager (Male) |
| 3:16 | Encolar | Villager (Male) |
| 3:27 | Construir | Lumber Camp |
| 4:02 | Encolar | Villager (Male) |
| 4:14 | Construir | House |
| 4:17 | Encolar | Villager (Male) |
| 4:40 | Encolar | Villager (Male) |
| 4:47 | Construir | Mill |
| 4:57 | Investigar | Loom |
| 5:42 | Encolar | Villager (Male) |
| 5:43 | Encolar | Villager (Male) |
| 6:10 | Encolar | Villager (Male) |
| 6:20 | Construir | Mining Camp |
| 6:26 | Encolar | Villager (Male) |
| 7:11 | Encolar | Villager (Male) |
| 7:22 | Construir | House |
| 8:10 | Encolar | Villager (Male) |
| 8:11 | Encolar | Villager (Male) |
| 9:03 | Construir | Barracks |
| 9:28 | Investigar | Feudal Age |
| 10:10 | Encolar | Villager (Male) ×4 |
| 10:21 | Construir | House |
| 11:03 | Construir | House |
| 11:07 | Construir | House |
| 11:15 | Construir | Mill |
| 11:38 | Edad | Edad Feudal |
| 11:57 | Construir | Archery Range |
| 12:39 | Construir | Archery Range |
| 13:00 | Encolar | Archer |
| 13:00 | Encolar | Archer |
| 13:11 | Encolar | Villager (Male) |
| 13:12 | Encolar | Villager (Male) |
| 13:14 | Encolar | Spearman |
| 13:17 | Encolar | Spearman |
| 13:30 | Encolar | Archer |
| 13:32 | Encolar | Archer |
| 13:35 | Encolar | Archer |
| 14:03 | Encolar | Villager (Male) |
| 14:25 | Construir | Lumber Camp |
| 14:30 | Encolar | Villager (Male) |
| 14:37 | Encolar | Archer |
| 14:38 | Encolar | Archer |
| 15:00 | Construir | House |
| 15:10 | Encolar | Archer |
| 15:11 | Encolar | Archer |
| 15:19 | Construir | Blacksmith |
| 15:26 | Encolar | Villager (Male) |
| 15:35 | Encolar | Archer ×3 |
| 15:54 | Investigar | Fletching |
| 15:57 | Investigar | Padded Archer Armor |
| 16:03 | Construir | House |
| 16:08 | Investigar | Double-Bit Axe |
| 17:06 | Construir | Farm |
| 17:06 | Construir | Farm |
| 17:07 | Construir | Farm |
| 17:21 | Construir | House |
| 17:23 | Investigar | Horse Collar |
| 17:25 | Encolar | Villager (Male) |
| 17:27 | Construir | Farm |
| 18:00 | Construir | House |
| 18:01 | Construir | Palisade Wall |
| 18:18 | Encolar | Villager (Male) |
| 18:23 | Construir | Market |
| 18:27 | Encolar | Archer |
| 18:28 | Encolar | Archer |
| 18:49 | Construir | Farm |
| 18:50 | Construir | Farm |
| 18:51 | Construir | Farm |
| 18:53 | Construir | Farm |
| 19:06 | Construir | Farm |
| 19:16 | Construir | Mining Camp |
| 19:20 | Encolar | Spearman |
| 19:20 | Encolar | Spearman |
| 19:20 | Encolar | Spearman |
Build order — GuilleLeopold17
73 acciones detectadas en el replay
| 0:02 | Encolar | Villager (Male) |
| 0:02 | Encolar | Villager (Male) |
| 0:02 | Encolar | Villager (Male) |
| 0:03 | Encolar | Villager (Male) |
| 0:04 | Construir | House |
| 0:06 | Construir | House |
| 1:29 | Encolar | Villager (Male) |
| 1:57 | Construir | Settlement |
| 2:12 | Encolar | Villager (Male) |
| 2:27 | Encolar | Villager (Male) |
| 2:28 | Encolar | Villager (Male) |
| 2:53 | Encolar | Villager (Male) |
| 2:59 | Investigar | Loom |
| 3:20 | Encolar | Villager (Male) |
| 3:20 | Encolar | Villager (Male) |
| 3:59 | Encolar | Villager (Male) |
| 3:59 | Encolar | Villager (Male) |
| 4:43 | Encolar | Villager (Male) |
| 4:43 | Encolar | Villager (Male) |
| 5:07 | Encolar | Villager (Male) |
| 5:07 | Encolar | Villager (Male) |
| 5:38 | Encolar | Villager (Male) |
| 6:00 | Construir | House |
| 6:20 | Construir | Settlement |
| 6:37 | Encolar | Villager (Male) |
| 6:37 | Encolar | Villager (Male) |
| 7:00 | Encolar | Villager (Male) |
| 7:10 | Construir | Settlement |
| 8:12 | Investigar | Feudal Age |
| 9:07 | Construir | Barracks |
| 10:22 | Edad | Edad Feudal |
| 10:43 | Encolar | Unit 2550 |
| 10:43 | Encolar | Unit 2550 |
| 10:43 | Encolar | Unit 2550 |
| 10:49 | Encolar | Unit 2550 |
| 10:50 | Encolar | Unit 2550 |
| 10:50 | Encolar | Unit 2550 |
| 10:59 | Encolar | Villager (Male) |
| 10:59 | Encolar | Villager (Male) |
| 11:17 | Encolar | Unit 2550 |
| 12:21 | Encolar | Unit 2550 |
| 13:10 | Encolar | Unit 2550 |
| 13:10 | Encolar | Unit 2550 |
| 13:10 | Encolar | Unit 2550 |
| 13:20 | Construir | Barracks |
| 14:01 | Investigar | Tech 1402 |
| 14:22 | Encolar | Unit 2550 |
| 14:22 | Encolar | Unit 2550 |
| 15:06 | Encolar | Unit 2550 |
| 15:07 | Encolar | Unit 2550 |
| 15:07 | Encolar | Unit 2550 |
| 15:21 | Construir | Farm |
| 15:22 | Construir | Farm |
| 15:22 | Construir | Farm |
| 15:22 | Construir | Farm |
| 15:23 | Construir | Farm |
| 15:23 | Construir | Farm |
| 15:23 | Construir | Farm |
| 15:26 | Encolar | Villager (Male) |
| 15:26 | Encolar | Villager (Male) |
| 15:26 | Encolar | Villager (Male) |
| 15:56 | Investigar | Arson |
| 16:04 | Construir | House |
| 16:05 | Construir | House |
| 16:05 | Construir | House |
| 16:06 | Construir | House |
| 16:06 | Construir | House |
| 17:17 | Encolar | Unit 2550 ×5 |
| 17:18 | Encolar | Unit 2550 ×4 |
| 17:18 | Encolar | Unit 2550 ×4 |
| 17:42 | Construir | Farm |
| 17:43 | Construir | Farm |
| 17:43 | Construir | Farm |
Build order — DarthVader
99 acciones detectadas en el replay
| 0:04 | Encolar | Villager (Male) |
| 0:05 | Investigar | Loom |
| 0:05 | Encolar | Villager (Male) |
| 0:18 | Construir | House |
| 0:23 | Construir | House |
| 0:29 | Encolar | Villager (Male) |
| 0:29 | Encolar | Villager (Male) |
| 0:39 | Construir | Mill |
| 1:22 | Encolar | Villager (Male) |
| 1:56 | Construir | House |
| 2:00 | Construir | House |
| 2:24 | Encolar | Villager (Male) |
| 2:24 | Encolar | Villager (Male) |
| 2:47 | Encolar | Villager (Male) |
| 2:47 | Encolar | Villager (Male) |
| 3:32 | Encolar | Villager (Male) |
| 4:02 | Encolar | Villager (Male) |
| 4:03 | Encolar | Villager (Male) |
| 4:30 | Encolar | Villager (Male) |
| 4:43 | Construir | Lumber Camp |
| 4:48 | Encolar | Villager (Male) |
| 5:05 | Encolar | Villager (Male) |
| 5:05 | Encolar | Villager (Male) |
| 5:24 | Encolar | Villager (Male) |
| 5:44 | Encolar | Villager (Male) |
| 6:04 | Encolar | Villager (Male) |
| 6:13 | Encolar | Villager (Male) |
| 6:13 | Encolar | Villager (Male) |
| 6:40 | Construir | Barracks |
| 6:55 | Encolar | Villager (Male) |
| 7:18 | Construir | House |
| 7:22 | Construir | House |
| 7:32 | Encolar | Villager (Male) |
| 8:14 | Construir | Mining Camp |
| 8:18 | Encolar | Villager (Male) |
| 8:56 | Encolar | Villager (Male) |
| 9:06 | Construir | Mining Camp |
| 9:35 | Investigar | Feudal Age |
| 10:00 | Construir | Farm |
| 10:18 | Construir | Farm |
| 10:24 | Encolar | Villager (Male) |
| 10:46 | Construir | Farm |
| 11:28 | Encolar | Villager (Male) |
| 11:45 | Edad | Edad Feudal |
| 11:48 | Investigar | Wheelbarrow |
| 11:49 | Encolar | Villager (Male) |
| 11:50 | Investigar | Town Watch |
| 11:52 | Investigar | Horse Collar |
| 11:55 | Encolar | Spearman |
| 12:11 | Construir | Stone Wall |
| 12:21 | Construir | Stone Wall |
| 12:25 | Construir | Gate |
| 12:31 | Construir | Farm |
| 12:33 | Encolar | Villager (Male) |
| 12:39 | Investigar | Stone Mining |
| 12:50 | Construir | Stone Wall |
| 12:53 | Construir | Gate |
| 13:03 | Construir | Farm |
| 13:35 | Investigar | Gold Mining |
| 14:05 | Construir | Stone Wall |
| 14:09 | Construir | Gate |
| 14:22 | Construir | Gate |
| 14:28 | Encolar | Villager (Male) |
| 14:33 | Encolar | Spearman |
| 14:41 | Construir | Farm |
| 14:53 | Construir | Stone Wall |
| 14:58 | Construir | Gate |
| 15:02 | Encolar | Villager (Male) |
| 15:08 | Encolar | Villager (Male) |
| 15:15 | Construir | Lumber Camp |
| 15:21 | Construir | House |
| 15:26 | Construir | Gate |
| 15:29 | Encolar | Spearman |
| 15:32 | Encolar | Villager (Male) |
| 15:42 | Construir | Market |
| 16:07 | Construir | House |
| 16:12 | Construir | Blacksmith |
| 16:17 | Encolar | Villager (Male) |
| 16:17 | Encolar | Villager (Male) |
| 16:26 | Construir | Farm |
| 16:44 | Encolar | Spearman |
| 16:44 | Encolar | Spearman |
| 17:08 | Construir | Farm |
| 17:10 | Construir | Farm |
| 17:16 | Construir | Lumber Camp |
| 17:32 | Encolar | Villager (Male) |
| 17:35 | Encolar | Villager (Male) |
| 17:35 | Encolar | Villager (Male) |
| 17:42 | Construir | House |
| 17:47 | Construir | Farm |
| 18:01 | Encolar | Villager (Male) |
| 18:02 | Encolar | Villager (Male) |
| 18:02 | Encolar | Villager (Male) |
| 18:09 | Construir | Farm |
| 18:21 | Encolar | Spearman |
| 18:22 | Encolar | Spearman |
| 18:29 | Construir | Farm |
| 18:51 | Encolar | Trade Cart |
| 19:00 | Construir | Mining Camp |
Build order — Javier2191
80 acciones detectadas en el replay
| 0:07 | Construir | House |
| 0:14 | Construir | House |
| 0:20 | Encolar | Villager (Male) |
| 0:21 | Encolar | Villager (Male) |
| 0:21 | Encolar | Villager (Male) |
| 0:21 | Encolar | Villager (Male) |
| 0:21 | Encolar | Villager (Male) |
| 2:01 | Encolar | Villager (Male) |
| 2:02 | Encolar | Villager (Male) |
| 2:02 | Encolar | Villager (Male) |
| 2:14 | Construir | Lumber Camp |
| 2:17 | Encolar | Villager (Male) |
| 2:17 | Encolar | Villager (Male) |
| 2:17 | Encolar | Villager (Male) |
| 2:52 | Encolar | Villager (Male) |
| 2:52 | Encolar | Villager (Male) |
| 2:52 | Encolar | Villager (Male) |
| 3:28 | Encolar | Villager (Male) |
| 3:28 | Encolar | Villager (Male) |
| 4:04 | Encolar | Villager (Male) ×2 |
| 4:04 | Encolar | Villager (Male) ×2 |
| 4:14 | Investigar | Loom |
| 4:58 | Encolar | Villager (Male) |
| 4:58 | Encolar | Villager (Male) |
| 4:58 | Encolar | Villager (Male) |
| 5:03 | Investigar | Loom |
| 5:04 | Encolar | Villager (Male) |
| 5:04 | Encolar | Villager (Male) |
| 5:16 | Construir | House |
| 6:00 | Encolar | Villager (Male) ×2 |
| 6:00 | Encolar | Villager (Male) ×2 |
| 6:36 | Encolar | Villager (Male) ×2 |
| 6:36 | Encolar | Villager (Male) ×2 |
| 6:36 | Encolar | Villager (Male) ×2 |
| 6:52 | Construir | Mill |
| 7:17 | Construir | House |
| 8:43 | Encolar | Villager (Male) |
| 8:43 | Encolar | Villager (Male) |
| 8:43 | Encolar | Villager (Male) |
| 9:13 | Construir | Mill |
| 9:20 | Encolar | Villager (Male) |
| 10:15 | Investigar | Feudal Age |
| 10:38 | Construir | Lumber Camp |
| 10:51 | Construir | Mining Camp |
| 11:11 | Construir | Farm |
| 11:19 | Construir | Farm |
| 11:21 | Construir | Farm |
| 12:00 | Construir | House |
| 12:06 | Construir | Barracks |
| 12:16 | Encolar | Villager (Male) |
| 12:17 | Encolar | Villager (Male) |
| 12:17 | Encolar | Villager (Male) |
| 12:33 | Edad | Edad Feudal |
| 12:38 | Construir | Palisade Gate |
| 12:46 | Encolar | Villager (Male) |
| 12:56 | Construir | Farm |
| 13:28 | Construir | Stable |
| 14:03 | Construir | Blacksmith |
| 14:08 | Encolar | Villager (Male) |
| 14:34 | Construir | Palisade Wall |
| 14:52 | Encolar | Villager (Male) |
| 15:20 | Construir | House |
| 15:21 | Investigar | Castle Age |
| 15:37 | Construir | Mining Camp |
| 16:43 | Construir | House |
| 17:00 | Encolar | Villager (Male) |
| 17:00 | Encolar | Villager (Male) |
| 17:00 | Encolar | Villager (Male) |
| 17:07 | Investigar | Double-Bit Axe |
| 17:13 | Investigar | Horse Collar |
| 17:28 | Construir | Palisade Wall |
| 17:37 | Investigar | Stone Mining |
| 18:01 | Edad | Edad de los Castillos |
| 18:05 | Encolar | Villager (Male) |
| 18:05 | Encolar | Villager (Male) |
| 18:06 | Encolar | Villager (Male) |
| 18:06 | Encolar | Villager (Male) |
| 18:35 | Construir | Town Center |
| 18:54 | Construir | Palisade Wall |
| 18:59 | Construir | Palisade Wall |
Build order — vitavidal91
26 acciones detectadas en el replay
| 0:02 | Encolar | Villager (Male) |
| 0:02 | Encolar | Villager (Male) |
| 0:04 | Construir | House |
| 0:05 | Construir | House |
| 0:43 | Encolar | Villager (Male) |
| 1:13 | Encolar | Villager (Male) |
| 1:43 | Encolar | Villager (Male) |
| 1:58 | Encolar | Villager (Male) |
| 2:12 | Encolar | Villager (Male) |
| 2:21 | Encolar | Villager (Male) |
| 2:45 | Encolar | Villager (Male) |
| 3:49 | Encolar | Villager (Male) |
| 4:07 | Encolar | Villager (Male) |
| 4:32 | Encolar | Villager (Male) |
| 4:43 | Construir | House |
| 5:07 | Encolar | Villager (Male) |
| 5:36 | Encolar | Villager (Male) |
| 6:03 | Encolar | Villager (Male) |
| 6:30 | Encolar | Villager (Male) |
| 6:36 | Construir | House |
| 6:55 | Encolar | Villager (Male) |
| 6:58 | Construir | House |
| 7:16 | Construir | Mill |
| 7:26 | Encolar | Villager (Male) |
| 7:37 | Construir | House |
| 7:51 | Encolar | Villager (Male) |
Build order — Benjamminnemmann
85 acciones detectadas en el replay
| 0:00 | Encolar | Villager (Male) |
| 0:01 | Encolar | Villager (Male) |
| 0:01 | Encolar | Villager (Male) |
| 0:02 | Construir | House |
| 0:07 | Encolar | Villager (Male) |
| 0:15 | Construir | House |
| 1:27 | Encolar | Villager (Male) |
| 2:00 | Encolar | Villager (Male) |
| 2:19 | Encolar | Villager (Male) |
| 2:36 | Construir | Lumber Camp |
| 2:49 | Encolar | Villager (Male) |
| 3:05 | Construir | House |
| 3:08 | Encolar | Villager (Male) |
| 3:41 | Encolar | Villager (Male) |
| 3:55 | Encolar | Villager (Male) |
| 3:58 | Construir | Mill |
| 4:42 | Investigar | Loom |
| 4:48 | Encolar | Villager (Male) |
| 5:00 | Construir | House |
| 5:07 | Encolar | Villager (Male) |
| 5:37 | Encolar | Villager (Male) |
| 5:58 | Encolar | Villager (Male) |
| 6:01 | Encolar | Villager (Male) |
| 6:26 | Encolar | Villager (Male) |
| 7:28 | Encolar | Villager (Male) |
| 7:49 | Investigar | Feudal Age |
| 8:10 | Construir | Mining Camp |
| 8:45 | Construir | House |
| 8:49 | Construir | House |
| 8:53 | Construir | Palisade Gate |
| 9:29 | Encolar | Villager (Male) |
| 9:48 | Construir | Palisade Wall |
| 9:53 | Construir | House |
| 10:00 | Construir | Palisade Wall |
| 10:08 | Construir | Palisade Wall |
| 10:12 | Edad | Edad Feudal |
| 10:14 | Encolar | Villager (Male) |
| 10:17 | Investigar | Double-Bit Axe |
| 10:24 | Encolar | Villager (Male) |
| 10:37 | Construir | Barracks |
| 10:42 | Investigar | Town Watch |
| 10:52 | Construir | Blacksmith |
| 11:33 | Encolar | Villager (Male) |
| 11:34 | Encolar | Villager (Male) |
| 11:44 | Construir | Stable |
| 11:50 | Construir | Palisade Wall |
| 12:05 | Construir | Gate |
| 12:15 | Construir | Stone Wall |
| 12:20 | Encolar | Villager (Male) |
| 12:23 | Construir | Farm |
| 12:24 | Encolar | Villager (Male) |
| 12:28 | Encolar | Spearman |
| 12:39 | Construir | Farm |
| 12:46 | Construir | Farm |
| 12:48 | Construir | Farm |
| 12:55 | Encolar | Scout Cavalry |
| 13:10 | Construir | Farm |
| 13:13 | Encolar | Villager (Male) |
| 13:22 | Construir | Farm |
| 13:27 | Construir | Farm |
| 13:32 | Encolar | Scout Cavalry |
| 13:41 | Encolar | Villager (Male) |
| 13:58 | Construir | Farm |
| 14:13 | Construir | Farm |
| 14:16 | Construir | Farm |
| 14:22 | Construir | Mining Camp |
| 14:25 | Construir | Farm |
| 14:27 | Encolar | Villager (Male) |
| 14:31 | Investigar | Forging |
| 15:03 | Encolar | Scout Cavalry |
| 15:09 | Construir | House |
| 15:10 | Construir | House |
| 15:27 | Construir | Farm |
| 15:29 | Construir | Farm |
| 15:34 | Construir | Stone Wall |
| 15:40 | Investigar | Scale Barding Armor |
| 16:06 | Construir | Lumber Camp |
| 16:09 | Construir | Farm |
| 16:11 | Construir | Farm |
| 16:17 | Construir | House |
| 16:19 | Construir | Farm |
| 17:08 | Encolar | Villager (Male) |
| 17:08 | Encolar | Villager (Male) |
| 17:26 | Encolar | Villager (Male) |
| 17:26 | Encolar | Villager (Male) |
Cronología de la partida
| 6:40 | DarthVader · first_building Barracks |
| 9:03 | Pantufla18 · first_building Barracks |
| 9:07 | GuilleLeopold17 · first_building Barracks |
| 9:40 | vitavidal91 · resign |
| 9:48 | Benjamminnemmann · wall_segment Palisade Wall x7 |
| 10:00 | Benjamminnemmann · wall_segment Palisade Wall x9 |
| 10:05 | felipegarcia92 · first_building Barracks |
| 10:08 | Benjamminnemmann · wall_segment Palisade Wall x7 |
| 10:12 | Benjamminnemmann · age_up feudal |
| 10:22 | GuilleLeopold17 · age_up feudal |
| 10:37 | Benjamminnemmann · first_building Barracks |
| 11:38 | Pantufla18 · age_up feudal |
| 11:43 | felipegarcia92 · age_up feudal |
| 11:44 | Benjamminnemmann · first_building Stable |
| 11:45 | DarthVader · age_up feudal |
| 11:50 | Benjamminnemmann · wall_segment Palisade Wall x9 |
| 11:57 | Pantufla18 · first_building Archery Range |
| 11:59 | felipegarcia92 · first_building Stable |
| 12:06 | Javier2191 · first_building Barracks |
| 12:11 | DarthVader · wall_segment Stone Wall x11 |
| 12:15 | Benjamminnemmann · wall_segment Stone Wall x5 |
| 12:21 | DarthVader · wall_segment Stone Wall x10 |
| 12:28 | tatomagallanes · age_up feudal |
| 12:33 | Javier2191 · age_up feudal |
| 12:39 | tatomagallanes · first_building Barracks |
| 12:50 | DarthVader · wall_segment Stone Wall x14 |
| 13:12 | tatomagallanes · first_building Stable |
| 13:28 | Javier2191 · first_building Stable |
| 14:05 | DarthVader · wall_segment Stone Wall x9 |
| 14:34 | Javier2191 · wall_segment Palisade Wall x3 |
| 14:53 | DarthVader · wall_segment Stone Wall x17 |
| 15:34 | Benjamminnemmann · wall_segment Stone Wall x1 |
| 16:24 | tatomagallanes · age_up castle |
| 17:28 | Javier2191 · wall_segment Palisade Wall x8 |
| 18:01 | Pantufla18 · wall_segment Palisade Wall x1 |
| 18:01 | Javier2191 · age_up castle |
| 18:54 | Javier2191 · wall_segment Palisade Wall x7 |
| 18:59 | Javier2191 · wall_segment Palisade Wall x6 |
| 19:14 | Pantufla18 · first_market_buy 100 wood |
[ ANÁLISIS IA · 1 CRÉDITO ]
¿Qué pasó realmente en esta partida?
Wolo.gg analiza cada decisión: build order, eco, micro, errores típicos por bracket. Análisis personalizado por WhatsApp o Discord en 30 segundos.
Guía civ
Etíopes
Perfil
Jugador #18791477